 Dungeon Crawl Stone Soup version 0.19-a0-1896-g611e798 (console) character file.

30 Gottschkopf the Insei (level 3, -1/28 HPs)
             Began as a Draconian Transmuter on Oct 19, 2016.
             Slain by a gnoll
             ... wielding a +0 whip
              (3 damage)
             ... on level 1 of the Dungeon.
             The game lasted 00:02:43 (1121 turns).

Gottschkopf the Insei (Draconian Transmuter)        Turns: 1121, Time: 00:02:43

Health: -1/28      AC:  5    Str: 12    XL:     3   Next: 5%
Magic:  2/6        EV: 12    Int: 13    God:
Gold:   44         SH:  0    Dex: 12    Spells: 2 memorised, 3 levels left

rFire  . . .     SeeInvis .       - Unarmed
rCold  . . .     Gourm    .     (armour unavailable)
rNeg   . . .     Faith    .     (no shield)
rPois  .         Spirit   .     (helmet restricted)
rElec  .         Reflect  .     (no cloak)
rCorr  .         Harm     .     (no gloves)
MR     .....                    (no boots)
Stlth  +.........               (no amulet)
                                (no ring)
                                (no ring)

@: very slightly contaminated
A: unfitting armour, cold-blooded, AC +5
a: no special abilities


You were on level 1 of the Dungeon.
You were not hungry.

You visited 1 branch of the dungeon, and saw 2 of its levels.

You collected 44 gold pieces.

Inventory:

Missiles
 a - 27 arrows
Armour
 g - a +0 pair of gloves
Books
 b - a book of Changes

   Spells                             Type                      Level
   a - Beastly Appendage              Transmutation                1
   b - Sticks to Snakes               Transmutation                2
   c - Spider Form                    Transmutation/Poison         3
   d - Ice Form                       Ice/Transmutation            4
   e - Blade Hands                    Transmutation                5
Comestibles
 c - a bread ration
 d - a royal jelly
 h - a slice of pizza
 j - a meat ration


   Skills:
 - Level 1.1 Fighting
 - Level 1.7 Dodging
 + Level 4.2 Unarmed Combat
 - Level 2.0 Spellcasting
 - Level 2.0 Transmutations


You had 3 spell levels left.
You knew the following spells:

 Your Spells              Type           Power        Failure   Level  Hunger
a - Beastly Appendage     Tmut           #.....       12%         1    ##.....
b - Sticks to Snakes      Tmut           #.......     17%         2    ###....


Dungeon Overview and Level Annotations

Branches:
Dungeon (2/15)

Altars:


Innate Abilities, Weirdness & Mutations

Your plain brown scales are hard. (AC +5)
You cannot fit into any form of body armour.
You are cold-blooded and may be slowed by cold attacks.


Message History

The gnoll hits you with a whip.
* * * LOW HITPOINT WARNING * * *
The gnoll hits you but does no damage.
There is a stone staircase leading down here.
There is an open door here.
As you read the scroll labeled HEPRAC CAITE, it crumbles to dust.
It is a scroll of recharging.
You aren't carrying any rechargeable items.
The gnoll misses you.
You aren't carrying any potions.
Okay, then.
As you read the scroll labeled NOMICO ZUBOT, it crumbles to dust.
You feel blessed for a moment.
It was a scroll of remove curse.
The gnoll barely misses you.
Unknown command.
Unknown command.
Casting: Beastly Appendage
Confirm with . or Enter, or press ? or * to list all spells.
You create a snake!
You now have 27 arrows.
The gnoll hits you with a whip.
You die...

#...# ##.####.#...#...#..........
#...# #(..(...#.>.#...#..........
#)).###(#######...#...##.........
........# #.>.#.<.##.........
........# #...#...##.........
........# #.>.#...#####......
........# #.wS#...# #......
........# ##g###+## #......
........# #@###.# #......
........# #.....# #......
........# ####.##### #......
........# #....# #######
........#####.#### #.....
#####.#.......# ###### #
#.#######.# # #.#######.# #
#.........#


You could see a gnoll, a dart slug and a friendly ball python.

Vanquished Creatures
  A gnoll (D:2)
  A leopard gecko (D:1)
  3 hobgoblins (D:1)
  A quokka (D:1)
  A bat (D:1)
  2 frilled lizards (D:1)
  2 goblins (D:1)
  5 kobolds (D:1)
  5 rats (D:1)
21 creatures vanquished.

Notes
Turn   | Place    | Note
-------+----------+-------------------------------------------
     0 | D:1      | Gottschkopf the Draconian Transmuter began the quest for the Orb.
     0 | D:1      | Reached XP level 1. HP: 16/16 MP: 3/3
   288 | D:1      | Reached XP level 2. HP: 4/23 MP: 5/5
   295 | D:1      | Learned a level 2 spell: Sticks to Snakes
   905 | D:1      | Reached skill level 4 in Unarmed Combat
  1075 | D:2      | Reached XP level 3. HP: 23/28 MP: 4/6
  1114 | D:1      | HP: 1/28 [gnoll/whip (4)]
  1121 | D:1      | Slain by a gnoll

Vault maps used:
D:1:      minmay_arrival_up_and_down
D:2:      first_bread, kennysheep_another_room

Skill      XL: |  1  2 |
---------------+-------+-----
Unarmed Combat | 4 |  4.2
Fighting       | |  1.1
Dodging        | |  1.7
Spellcasting   | |  2.0
Transmutations | |  2.0

Action                   || total
-------------------------++-------
Melee: Unarmed           ||    82
       Kick              ||     7
       Tailslap          ||     7
       Headbutt          ||     2
       Punch             ||     2
 Cast: Beastly Appendage ||    19
       Sticks to Snakes  ||     1
  Use: Scroll            ||     2
       Potion            ||     1
  Eat: Chunk             ||     1
Armor: Skin              ||    27
Dodge: Dodged            ||    49
